 Dungeon Sprint DCSS version 0.29.1-2-gbd0b4ee654 (webtiles) character file.

Game seed: 4093030875553195208

14875 Zeld the Executioner (level 11, -12/116 HPs)
             Began as a Minotaur Berserker on Oct 24, 2022.
             Was the Champion of Trog.
             Killed from afar by a fire giant (65 damage)
             ... with a fireball
             ... in the Dungeon (Sprint I: "Red Sonja").
             The game lasted 00:09:14 (3754 turns).

Zeld the Executioner (Minotaur Berserker)           Turns: 3754, Time: 00:09:14

Health: -12/116    AC: 10    Str: 26    XL:     11   Next: 94%
Magic:  10/10      EV: 17    Int:  4    God:    Trog [******]
Gold:   22         SH:  0    Dex: 10    Spells: 10/10 levels left

rFire   . . .      SeeInvis +   a - +3 executioner's axe (flame)
rCold   . . .      Faith    .   (shield currently unavailable)
rNeg    . . .      Spirit   .   c - +0 troll leather armour
rPois   .          Reflect  .   (helmet restricted)
rElec   .          Harm     .   (no cloak)
rCorr   +          Rampage  .   q - +0 pair of gloves
Will    .....      NoTele   +   m - +0 pair of boots
Stlth   +.........              (no amulet)
HPRegen 1.09/turn               l - ring of see invisible
MPRegen 0.12/turn               n - ring of resist corrosion

@: glowing
A: horns 2, retaliatory headbutt
a: Renounce Religion, Berserk, Trog's Hand, Brothers in Arms


You were in the Dungeon.
You worshipped Trog.
Trog was exalted by your worship.
You visited 1 branch You collected 1365 gold pieces.
You spent 1343 gold pieces at shops.

Inventory:

Hand Weapons
 a - a +3 executioner's axe of flaming (weapon)
Armour
 c - a +0 troll leather armour (worn)
 m - a +0 pair of boots (worn)
 q - a +0 pair of gloves (worn)
Jewellery
 l - a ring of see invisible (left hand)
 n - a ring of resist corrosion (right hand)
Wands
 i - a wand of roots (7)
Scrolls
 h - 2 scrolls of blinking
 o - a scroll of identify
 r - a scroll of fear
Potions
 d - 2 potions of curing
 e - a potion of haste
 f - 2 potions of magic
 g - a potion of berserk rage
Miscellaneous
 j - a phantom mirror


   Skills:
 + Level 16.7 Fighting
 * Level 22.5 Axes
 + Level 16.5 Armour
 + Level 15.2 Dodging


You had 10 spell levels left.
You didn't know any spells.
Your spell library was empty.

Dungeon Overview and Level Annotations

Branches:
Dungeon (1/1)

Altars:
Cheibriados
Dithmenos
Elyvilon
Fedhas
Gozag
Hepliaklqana
Kikubaaqudgha
Makhleb
Nemelex Xobeh
Okawaru
Qazlal
Ru
Sif Muna
Trog
Uskayaw
Vehumet
Wu Jian
Xom
Yredelemnul
Zin
The Shining One
Jiyva
Lugonu

Shops:
D (*[:(=:?!!*(??[[:


Innate Abilities, Weirdness & Mutations

You have a pair of horns on your head.
You reflexively headbutt those who attack you in melee.


Message History

You feel your anger nearly subside.
You are no longer berserk.
You are exhausted.
You feel yourself slow down.
You start resting.
You feel yourself speed up.
You start resting.
You recover from your berserk rage.
You start resting.
HP restored.
You open the door.
There is an open door here.
You see here a +2 great sword of flaming.
There is an open door here.
There is an open door, spattered with blood here.
You see here a +2 vorpal war axe.
There is an open door, spattered with blood here.
You are engulfed in a cloud of scalding steam.
There is an open door, spattered with blood here.
There is an open door here.
The daeva shouts!
The daeva calls down the wrath of the Shining One upon you.
The Shining One smites you!
You see here a +4 antimagic broad axe.
The daeva calls down the wrath of the Shining One upon you.
The Shining One smites you!
The fire giant shouts!
There is an open door here.
The fire giant gestures at you while chanting.
The bolt of fire misses you.
The fire giant points at you and mumbles some strange words.
The fireball explodes!
The fireball engulfs you!!!
There is an open door here.
You close the door.
A daeva is nearby!
A fire giant opens the door.
Found a box of beasts.
The fire giant casts a spell at you.
The fireball explodes!
The fireball engulfs you!!!
Ouch! That really hurt!
You die...

.'§§#§#,*##§§.#######)#,,,,,*****
##).'.#+*,###'#}((##..#,,,,,*,,,*
##+####,,,*,#.##$$$#..##,,,,*,∩,*
#.°○,,*,,,**#..###$#.)≈###+**,,,*
#.○°.,+,,,,,##.#A#$#..≈.}#,****+*
###.°°*,,,,,#..###$#..≈.##+*,,,,*
'.#.°.#**++*#.##..$#..≈##,,,,,,,,
#.#.°##*,,**#.)#'###..≈#,,,,,,,,,
#.#..#***,,*##..@#,≈..##,,,,,,,,,
#§#*+*,,*,,*,###.#M≈..#,,,,,,,,,,
#§#*,*,,,,,,,,,#.###..#,,,,,,,,,,
§§#***,,,,,,,,,#.#,+..#*,,,,,,,,,
#.#,,+,,,,,,####'#,**'**,,,,,,,,,
#.#****,,,**#..C.#,*~~~**,,,,,,,,
§§#,,,****#.C.####,*~~~~**,,,,,,*
###,,,,.....##*,^,^*~~~~~********
*,,,,,,.###**,^,,****~~~~*~~~~~*,


You could see a daeva and a fire giant.

Vanquished Creatures
  A fire giant (D)
  A deep elf annihilator (D)
  2 centaur warriors (D)
  A hydra (D)
  Sonja (D)
  A deep troll (D)
  A lindwurm (D)
  An oklob plant (D)
  A merfolk siren (D)
  2 gargoyles (D)
  4 demonic crawlers (D)
  2 kobold demonologists (D)
  7 unseen horrors (D)
  A hellwing (D)
  4 hornets (D)
  A slime creature (D)
  Sigmund (D)
  13 hogs (D)
  A yak (D)
  2 redbacks (D)
  3 floating eyes (D)
  An ogre (D)
  7 necrophages (D)
  8 jellies (D)
  Ijyb (D)
68 creatures vanquished.

Vanquished Creatures (collateral kills)
  A merfolk siren (D)
  A hornet (D)
2 creatures vanquished.

Vanquished Creatures (others)
  2 ballistomycete spores (D)
2 creatures vanquished.

Grand Total: 72 creatures vanquished

Notes
Turn   | Place    | Note
-------+----------+-------------------------------------------
     0 | D        | Zeld the Minotaur Berserker began the quest for the Orb.
     0 | D        | Reached XP level 1. HP: 19/19 MP: 0/0
   102 | D        | Noticed Ijyb
   110 | D        | Killed Ijyb
   111 | D        | Reached skill level 5 in Axes
   111 | D        | Reached XP level 2. HP: 28/28 MP: 1/1
   153 | D        | Noticed an ogre
   158 | D        | Killed an ogre
   159 | D        | Reached skill level 7 in Axes
   159 | D        | Reached skill level 5 in Armour
   159 | D        | Reached XP level 3. HP: 29/37 MP: 2/2
   159 | D        | Reached XP level 4. HP: 35/44 MP: 3/3
   397 | D        | Noticed Sigmund
   402 | D        | Killed Sigmund
   402 | D        | Reached ** piety under Trog
   403 | D        | Reached skill level 10 in Axes
   403 | D        | Reached XP level 5. HP: 52/52 MP: 4/4
   403 | D        | Reached XP level 6. HP: 60/60 MP: 5/5
   456 | D        | Found a burning altar of Makhleb.
   456 | D        | Found a viscous altar of Jiyva.
   456 | D        | Found a shimmering altar of Xom.
   456 | D        | Found a corrupted altar of Lugonu.
   456 | D        | Noticed a slime creature
   468 | D        | Killed a slime creature
   469 | D        | Reached skill level 11 in Axes
   588 | D        | Noticed a kobold demonologist
   588 | D        | Noticed a floating eye
   589 | D        | Noticed a kobold demonologist
   591 | D        | Killed a floating eye
   592 | D        | Reached skill level 12 in Axes
   592 | D        | Reached XP level 7. HP: 70/70 MP: 6/6
   594 | D        | Killed a kobold demonologist
   594 | D        | Reached *** piety under Trog
   595 | D        | Reached skill level 13 in Axes
   598 | D        | Killed a kobold demonologist
   599 | D        | Reached skill level 10 in Fighting
   599 | D        | Reached XP level 8. HP: 79/79 MP: 7/7
   647 | D        | Found an ornate altar of the Wu Jian Council.
   647 | D        | Found a shimmering blue altar of Sif Muna.
   649 | D        | Found a radiant altar of Vehumet.
   653 | D        | Reached skill level 10 in Armour
   702 | D        | Found Jintas's General Store.
   702 | D        | Found an ancient bone altar of Kikubaaqudgha.
   702 | D        | Found a hazy altar of Hepliaklqana.
   702 | D        | Found a hide-covered altar of Uskayaw.
   702 | D        | Found a basalt altar of Yredelemnul.
   702 | D        | Found an opulent altar of Gozag.
   702 | D        | Found a snail-covered altar of Cheibriados.
   702 | D        | Found a sacrificial altar of Ru.
   702 | D        | Found a shadowy altar of Dithmenos.
   710 | D        | Found a stormy altar of Qazlal.
   710 | D        | Found a blossoming altar of Fedhas.
   710 | D        | Found a bloodstained altar of Trog.
   710 | D        | Found an iron altar of Okawaru.
   710 | D        | Found a glowing golden altar of the Shining One.
   710 | D        | Found a glowing silver altar of Zin.
   710 | D        | Found a white marble altar of Elyvilon.
   712 | D        | Reached **** piety under Trog
   713 | D        | Reached skill level 14 in Axes
   714 | D        | Found a sparkling altar of Nemelex Xobeh.
   902 | D        | Noticed Sonja
   913 | D        | Killed Sonja
   914 | D        | Reached skill level 15 in Axes
   914 | D        | Reached skill level 10 in Dodging
  1095 | D        | Bought the +4 war axe of Tomorrow {protect, *Rage *Noise
                  | rCorr Int+8} for 576 gold pieces
  1095 | D        | Bought a scroll of identify for 24 gold pieces
  1107 | D        | Found Bousin's Antique Weapon Boutique.
  1127 | D        | Noticed a deep troll
  1133 | D        | Killed a deep troll
  1134 | D        | Reached skill level 16 in Axes
  1134 | D        | Reached XP level 9. HP: 90/90 MP: 8/8
  1164 | D        | Found Utuimp's Armour Emporium.
  1169 | D        | Bought a +0 pair of gloves for 58 gold pieces
  1225 | D        | Noticed a demonic crawler
  1225 | D        | Noticed a demonic crawler
  1225 | D        | Noticed a demonic crawler
  1225 | D        | Noticed a demonic crawler
  1230 | D        | Killed a demonic crawler
  1234 | D        | Noticed a gargoyle
  1235 | D        | Killed a demonic crawler
  1237 | D        | Killed a demonic crawler
  1237 | D        | Reached ***** piety under Trog
  1238 | D        | Reached skill level 17 in Axes
  1242 | D        | Killed a gargoyle
  1246 | D        | Killed a demonic crawler
  1402 | D        | Noticed a lindwurm
  1410 | D        | Killed a lindwurm
  1411 | D        | Reached XP level 10. HP: 67/101 MP: 9/9
  1552 | D        | Reached skill level 18 in Axes
  1554 | D        | Received a gift from Trog
  1567 | D        | Received a gift from Trog
  1573 | D        | Reached skill level 19 in Axes
  1679 | D        | Noticed a 12-headed hydra
  1682 | D        | Killed a ten-headed hydra
  1683 | D        | Reached ****** piety under Trog
  1743 | D        | Noticed a merfolk siren
  1744 | D        | Noticed a deep elf annihilator
  1751 | D        | Received a gift from Trog
  1753 | D        | Killed a deep elf annihilator
  1754 | D        | Noticed a merfolk siren
  1757 | D        | Killed a merfolk siren
  1758 | D        | Reached skill level 20 in Axes
  1758 | D        | Reached XP level 11. HP: 107/111 MP: 10/10
  1764 | D        | Paralysed by a hornet for 3 turns
  1771 | D        | Paralysed by a hornet for 1 turns
  1772 | D        | HP: 4/111 [hornet (14)]
  1775 | D        | Received a gift from Trog
  1776 | D        | Reached skill level 15 in Fighting
  1869 | D        | Reached skill level 15 in Armour
  1897 | D        | Noticed a mummy priest
  2128 | D        | Noticed a centaur warrior
  2153 | D        | Killed a centaur warrior
  2416 | D        | Noticed a centaur warrior
  2420 | D        | Killed a centaur warrior
  2421 | D        | Reached skill level 21 in Axes
  2607 | D        | Received a gift from Trog
  2678 | D        | Noticed an oklob plant
  2681 | D        | Killed an oklob plant
  2977 | D        | Paralysed by a floating eye for 3 turns
  2989 | D        | Received a gift from Trog
  3282 | D        | Received a gift from Trog
  3307 | D        | Found Ygutai's Book Shoppe.
  3307 | D        | Found Dyotawu's Armour Shop.
  3307 | D        | Found Taco's Weapon Boutique.
  3309 | D        | Found Tuaff's Jewellery Emporium.
  3309 | D        | Found Yczidwam's Book Shop.
  3309 | D        | Found Potadelux's Magic Scroll Shoppe.
  3309 | D        | Found Nuesa's Distillery.
  3309 | D        | Found Baik's Distillery.
  3309 | D        | Found Depiwky's Assorted Antiques.
  3309 | D        | Found Ziolinn's Antique Weapon Shoppe.
  3313 | D        | Found Deicyam's Magic Scroll Boutique.
  3314 | D        | Bought a ring of see invisible for 195 gold pieces
  3314 | D        | Bought a ring of resist corrosion for 260 gold pieces
  3316 | D        | Found Naem Ira's Armour Emporium.
  3316 | D        | Found Sukaegemn's Magic Scroll Boutique.
  3317 | D        | Found Ruxan's Book Emporium.
  3318 | D        | Bought a scroll of identify for 20 gold pieces
  3318 | D        | Bought a scroll of enchant weapon for 75 gold pieces
  3318 | D        | Bought a scroll of identify for 20 gold pieces
  3318 | D        | Bought a scroll of blinking for 75 gold pieces
  3318 | D        | Bought a scroll of fear for 40 gold pieces
  3401 | D        | Noticed a daeva
  3422 | D        | Reached skill level 22 in Axes
  3424 | D        | Received a gift from Trog
  3428 | D        | Reached skill level 15 in Dodging
  3610 | D        | Noticed a fire giant
  3611 | D        | Noticed a fire giant
  3648 | D        | Killed a fire giant
  3754 | D        | Killed from afar by a fire giant

Illustrated notes

Levels and vault maps discovered:
D:        dungeon_sprint_1 [red_sonja_temple_1, red_sonja_temple_small_1]

Skill      XL: |  1  2  3  4  5  6  7  8  9 10 11 |
---------------+----------------------------------+-----
Fighting       | 4 6 7 9 10 11 13 14 16 | 16.7
Axes           | 5 7 10 12 13 16 17 20 22 | 22.5
Armour         | 3 5 7 8 9 11 12 14 16 | 16.5
Dodging        | 3 4 6 7 9 10 11 13 15 | 15.2

Action                   |  1- 3 |  4- 6 |  7- 9 | 10-12 || total
-------------------------+-------+-------+-------+-------++-------
Melee: Hand axe          |    10 |    14 |    23 |       ||    47
       Headbutt          |     2 |     4 |    10 |    23 ||    39
       War axe           |       |       |    27 |    23 ||    50
       Punch             |       |       |     1 |       ||     1
       Battleaxe         |       |       |       |    24 ||    24
       Executioner's axe |       |       |       |    70 ||    70
Invok: Berserk           |     2 |     3 |     3 |     2 ||    10
       Trog's Hand       |       |       |       |     2 ||     2
       Brothers in Arms  |       |       |       |     1 ||     1
Evoke: Wand              |       |       |     2 |       ||     2
  Use: Scroll            |       |       |       |     7 ||     7
       Potion            |       |       |       |     4 ||     4
Armor: Troll leather arm |       |       |    11 |    52 ||    63
Dodge: Dodged            |     5 |     5 |    28 |   101 ||   139
